 Dungeon Crawl Stone Soup version 0.16.1-51-g6203257 (webtiles) character file.

258 Sinop the Archer (level 5, 0/42 HPs)
             Began as a Centaur Hunter on Aug 3, 2015.
             Succumbed to a water moccasin's poison
             ... on level 3 of the Dungeon.
             The game lasted 00:26:26 (4491 turns).

Sinop the Archer (Centaur Hunter)                   Turns: 4491, Time: 00:26:26

Health: 0/42       AC:  8    Str: 14    XL:     5   Next: 94%
Magic:  4/4        EV:  2    Int: 10    God:
Gold:   192        SH:  0    Dex: 11    Spells: 0 memorised, 4 levels left

rFire  . . .     SeeInvis +     b - +1 shortbow
rCold  . . .     Clarity  .     j - +0 plate armour
rNeg   . . .     SustAb   .     (no shield)
rPois  .         Gourm    .     (no helmet)
rElec  .         Spirit   .     (no cloak)
rCorr  .         Warding  .     (no gloves)
rMut   .         Stasis   .     (no barding)
MR     .....                    (no amulet)
Stlth  ..........               (no ring)
                                o - ring of see invisible

@: lethally poisoned (0 -> -22), very quick, not resistant to hostile
enchantments, extremely unstealthy
A: hooves 3, deformed body, speed 2, tough skin 3
a: no special abilities


You were on level 3 of the Dungeon.
You were not hungry.

You visited 1 branch of the dungeon, and saw 3 of its levels.

You collected 192 gold pieces.

Inventory:

Hand weapons
 a - a +0 short sword
 b - a +1 shortbow (weapon)
Missiles
 c - 19 arrows (quivered)
Armour
 j - a +0 plate armour (worn)
Jewellery
 o - a ring of see invisible (left hand)
Scrolls
 l - 3 scrolls of identify
 m - a scroll of immolation
 n - a scroll of amnesia
 q - a scroll of enchant armour
 r - a scroll of remove curse
Potions
 e - 3 potions of magic
Comestibles
 f - 5 bread rations
 g - 4 fruits
 h - 4 meat rations
 i - a beef jerky
 p - a chunk of flesh


   Skills:
 + Level 2.7 Fighting
 * Level 8.2 Bows
 + Level 1.9 Armour
 - Level 1.4 Dodging
 - Level 0.5 Stealth


You had 4 spell levels left.
You didn't know any spells.

Dungeon Overview and Level Annotations

Branches:
Dungeon (3/15)

Altars:
Gozag

Annotations:
D:3 North's ghost, average GrFi


Innate Abilities, Weirdness & Mutations

You have hooves in place of feet.
Armour fits poorly on your strangely shaped body.
You cover ground very quickly.
You have extremely tough skin (AC +3).


Message History

Press: ? - help, Shift-Dir - straight line, f/p - water moccasin
Aim: a water moccasin (severely wounded)
You shoot an arrow.
The arrow completely misses the water moccasin.
* * * LOW HITPOINT WARNING * * *
You feel sick.
The water moccasin bites you but does no damage.
Firing (i - inventory):
c - 20 arrows (quivered)
Press: ? - help, Shift-Dir - straight line, f/p - water moccasin
Aim: a water moccasin (severely wounded)
You shoot an arrow. The arrow hits the water moccasin!
You kill the water moccasin!
Your Bows skill increases to level 8!
* * * LOW HITPOINT WARNING * * *
You feel sick.
Drink which item? (? for menu, Esc to quit)
It was a potion of cure mutation.
It has a very clean taste.
* * * LOW HITPOINT WARNING * * *
You feel very sick.
You die...

#..###.#######
#.#
#####....รท.#
#.#
#.....##.###
##########.#
#.######.#
#..........#
##.## #.#
#.##########
W...# #.# #.#
##.## #.# #.#
###
#.#######.#
#.....((@.#
###########


There were no monsters in sight!

Vanquished Creatures
  A water moccasin (D:3)
  5 adders
  3 worms
  3 giant geckos
  An ooze (D:2)
  3 ball pythons
  5 giant cockroaches
  14 goblins
  7 hobgoblins
  8 jackals
  A quokka (D:2)
  10 bats
  14 giant newts
  10 kobolds
  6 rats
91 creatures vanquished.

Notes
Turn   | Place    | Note
--------------------------------------------------------------
     0 | D:1      | Sinop, the Centaur Hunter, began the quest for the Orb.
     0 | D:1      | Reached XP level 1. HP: 17/17 MP: 1/1
   311 | D:1      | Reached XP level 2. HP: 14/24 MP: 2/2
   579 | D:1      | Reached skill level 6 in Bows
  1773 | D:1      | Reached XP level 3. HP: 29/29 MP: 3/3
  2766 | D:2      | Reached XP level 4. HP: 34/36 MP: 3/3
  2778 | D:2      | Reached skill level 7 in Bows
  2817 | D:2      | Reached skill level 1 in Armour
  3925 | D:3      | Reached XP level 5. HP: 42/42 MP: 4/4
  3963 | D:3      | Found an opulent altar of Gozag.
  3981 | D:3      | Noticed North's ghost (average GrFi)
  4475 | D:3      | Noticed a water moccasin
  4489 | D:3      | Killed a water moccasin
  4489 | D:3      | Reached skill level 8 in Bows
  4490 | D:3      | HP: 1/42 [poisoned by a water moccasin]
  4491 | D:3      | Succumbed to a water moccasin's poison

Action                   |  1- 3 |  4- 6 || total
-------------------------+-------+-------++-------
Melee: Short sword       |   159 |   149 ||   308
 Fire: Shortbow          |    38 |    33 ||    71
  Use: Scroll            |     8 |     3 ||    11
       Potion            |       |     2 ||     2
  Eat: Chunk             |     5 |     4 ||     9
